 Dungeon Crawl Stone Soup version 0.24.0-13-gcf9b319 (webtiles) character file.

Game seed: 9258462083789298423, levelgen mode: deterministic

422 BerderTester the Conjurer (level 6, -5/35 HPs)
             Began as a Deep Elf Conjurer on Apr 27, 2020.
             Was an Initiate of Vehumet.
             Killed by nerve-wracking pain
             ... invoked by a shadow imp
              (14 damage)
             ... on level 5 of the Dungeon.
             The game lasted 00:06:16 (3989 turns).

BerderTester the Conjurer (Deep Elf Conjurer)       Turns: 3989, Time: 00:06:18

Health: -5/35      AC:  2    Str:  5    XL:     6   Next: 63%
Magic:  1/14       EV: 14    Int: 22    God:    Vehumet [......]
Gold:   200        SH:  0    Dex: 15    Spells: 3/14 levels left

rFire    . . .     SeeInvis .   q - -1 rapier
rCold    . . .     Gourm    .   (no shield)
rNeg     . . .     Faith    .   a - +0 robe
rPois    .         Spirit   .   (no helmet)
rElec    .         Reflect  .   i - +1 cloak
rCorr    .         Harm     .   (no gloves)
MR       .....                  (no boots)
Stlth    ++........             (no amulet)
HPRegen  0.11/turn              m - -2 ring of protection
MPRegen  0.14/turn              (no ring)

@: no status effects
A: no striking features
a: Renounce Religion


You were on level 5 of the Dungeon.
You worshipped Vehumet.
Vehumet was noncommittal.
You were not hungry.

You visited 2 branches of the dungeon, and saw 6 of its levels.

You collected 200 gold pieces.

Inventory:

Hand Weapons
 b - a +0 hand crossbow
 g - a +0 spear
 n - a +2 dagger of speed
 q - a -1 rapier (weapon)
Armour
 a - a +0 robe (worn)
 i - a +1 cloak (worn)
 k - a scarf of resistance
Jewellery
 m - a -2 ring of protection (left hand)
 w - an uncursed amulet of harm {unknown}
Scrolls
 d - a scroll of fog
 e - a scroll of teleportation
 f - 4 scrolls of amnesia
 j - a scroll of remove curse
 l - a scroll of fear
 p - a scroll of random uselessness
 r - a scroll of immolation
 t - 5 scrolls of magic mapping {unknown}
 v - a scroll of identify
 x - a scroll of enchant armour {unknown}
Potions
 h - a potion of agility {unknown}
 s - a potion of brilliance {unknown}
 u - a potion of degeneration {unknown}
Comestibles
 c - 7 rations
 o - 2 chunks of flesh


   Skills:
 + Level 2.0 Fighting
 + Level 4.0 Dodging
 - Level 2.4 Stealth
 - Level 4.6 Spellcasting
 - Level 7.0 Conjurations
 * Level 0.5 Translocations


You had 3 spell levels left.
You knew the following spells:

 Your Spells              Type           Power        Failure   Level  Hunger
a - Magic Dart            Conj           ####         1%          1    None
b - Searing Ray           Conj           #####.       1%          2    None
c - Iskenderun's Mystic   Conj           #####...     6%          4    ####...
d - Force Lance           Conj/Tloc      ###.....     22%         4    ####...

Your spell library contained the following spells:

 Spells                   Type           Power        Failure   Level  Hunger
 Dazzling Spray           Conj/Hex       ###...       8%          3    ##.....
 Confusing Touch          Hex            #.....       11%         1    None
 Gell's Gravitas          Tloc           #.........   26%         3    ##.....
 Confuse                  Hex            #.......     32%         3    ##.....
 Fulminant Prism          Conj/Hex       ###.......   24%         4    ####...
 Petrify                  Tmut/Erth      #.......     71%         4    ####...
 Metabolic Englaciation   Hex/Ice        #.........   96%         5    #####..
 Yara's Violent Unravell  Hex/Tmut       #.........   96%         5    #####..


Dungeon Overview and Level Annotations

Branches:
Dungeon (5/15)             Temple (1/1) D:4

Altars:
Dithmenos
Elyvilon
Fedhas
Gozag
Hepliaklqana
Kikubaaqudgha
Makhleb
Nemelex Xobeh
Okawaru
Qazlal
Ru
Sif Muna
Trog
Uskayaw
Vehumet
Xom
Yredelemnul
Zin
The Shining One

Annotations:
D:4 Edmund


Message History

Aiming: Magic Dart (safe; 1% risk of failure)
Press: ? - help, Shift-Dir - straight line, f/p - shadow imp
Aim: a shadow imp (heavily wounded)
The magic dart hits the shadow imp.
The shadow imp is almost dead.
The shadow imp hits you.
You hit the shadow imp but do no damage.
The shadow imp is almost dead.
The shadow imp misses you.
You closely miss the shadow imp.
The shadow imp is almost dead.
The shadow imp gestures at you. Pain shoots through your body!
You hit the shadow imp but do no damage.
The shadow imp is almost dead.
The shadow imp hits you.
* * * LOW HITPOINT WARNING * * *
The shadow imp gestures at you. Pain shoots through your body!
You die...

...#..... ....... ..
...... ... ..... ....
#$.( ..#.###.. .......5#
.##≈≈.≈≈##... .......@#
##.≈≈≈≈≈≈≈....
........###≈≈≈≈≈≈≈#≈≈≈..
...#..#..#≈≈≈#≈≈≈≈≈≈≈≈≈.
##....#.#.≈≈≈≈≈≈≈#≈≈≈#≈.
........#≈≈#≈≈≈≈#≈≈≈≈≈≈≈
.....#..≈≈≈≈≈≈≈≈≈≈≈≈≈≈≈≈
........≈≈≈..≈≈.!.≈≈.≈#≈
....##...≈≈<..8.<...%$≈≈
........≈≈≈.≈≈≈...≈...#≈


You could see a shadow imp.

Vanquished Creatures
  A killer bee (D:4)
  2 hounds
  An orc wizard (D:3)
  4 worker ants
  9 adders
  A gnoll (D:1)
  3 worms
  4 dart slugs (D:5)
  A leopard gecko (D:4)
  7 orcs
  6 bats
  3 giant cockroaches (D:3)
  14 goblins
  7 hobgoblins
  6 jackals (D:3)
  7 kobolds
  A quokka (D:3)
  6 frilled lizards
  2 leopard gecko skeletons (D:4)
  13 rats
98 creatures vanquished.

Notes
Turn   | Place    | Note
-------+----------+-------------------------------------------
     0 | D:1      | BerderTester the Deep Elf Conjurer began the quest for the
                  | Orb.
     0 | D:1      | Reached XP level 1. HP: 10/10 MP: 6/6
   123 | D:1      | Reached XP level 2. HP: 15/15 MP: 0/8
   227 | D:1      | Reached skill level 5 in Conjurations
   284 | D:1      | Learned a level 2 spell: Searing Ray
   510 | D:1      | Reached XP level 3. HP: 19/19 MP: 4/9
   824 | D:2      | Found an iron altar of Okawaru.
   907 | D:2      | Reached skill level 6 in Conjurations
   966 | D:2      | Reached XP level 4. HP: 17/24 MP: 1/10
  1955 | D:3      | Learned a level 4 spell: Iskenderun's Mystic Blast
  1967 | D:3      | Reached skill level 7 in Conjurations
  1967 | D:3      | Reached XP level 5. HP: 28/28 MP: 2/11
  2849 | D:3      | Reached skill level 1 in Fighting
  3330 | D:4      | Found a staircase to the Ecumenical Temple.
  3377 | Temple   | Entered the Ecumenical Temple
  3384 | Temple   | Became a worshipper of Vehumet
  3482 | D:4      | Reached XP level 6. HP: 34/34 MP: 8/14
  3869 | D:4      | Noticed Edmund
  3876 | D:4      | Learned a level 4 spell: Force Lance
  3922 | D:5      | Entered Level 5 of the Dungeon
  3989 | D:5      | Killed from afar by a shadow imp

Levels and vault maps discovered:
D:1:      dpeg_arrival_houses_and_road, layout_rooms, minmay_tripent
D:2:      layout_loops_ring, okawaru_metal_pillars_1_2
D:3:      layout_loops_corners, first_ration
D:4:      minmay_chambers_of_fours, layout_cave_pools, temple_pool_b,
          minmay_misc_feat_doors, uniq_edmund
D:5:      kennysheep_slugbush, layout_basic, minitemple,
          cheibrodos_sewer_entry_bend, kennysheep_slug_shrine
Temple:   nicolae_temple_no_exploring_needed

Skill      XL: |  1  2  3  4  5  6 |
---------------+-------------------+-----
Conjurations   | 5 6 7 |  7.0
Fighting       | 1 2 |  2.0
Dodging        | 3 4 |  4.0
Spellcasting   | 4 |  4.6
Stealth        | |  2.4
Translocations | |  0.5

Action                   |  1- 3 |  4- 6 || total
-------------------------+-------+-------++-------
Melee: Dagger            |       |    10 ||    10
       Rapier            |       |    11 ||    11
 Cast: Magic Dart        |    57 |   189 ||   246
  Use: Scroll            |       |     7 ||     7
  Eat: Chunk             |       |     9 ||     9
Armor: Robe              |     1 |     4 ||     5
Dodge: Dodged            |     5 |    65 ||    70
